 Dungeon Crawl Stone Soup version 0.31-a0-788-ga445dbd2db (webtiles) character file.

Game seed: 15588430876228360012

1629 IndexError the Geomancer (level 8, 0/49 HPs)
             Began as a Gargoyle Earth Elementalist on Sept 18, 2023.
             Was a High Priest of the Shining One.
             Slain by a wight
             ... wielding a +4 scimitar
              (5 damage)
             ... on level 6 of the Dungeon.
             The game lasted 00:10:01 (5468 turns).

IndexError the Geomancer (GrEE)                     Turns: 5468, Time: 00:10:01

Health: 0/49       AC:  9    Str: 13    XL:     8   Next: 97%
Magic:  26/26      EV: 11    Int: 17    God:    the Shining One [*****.]
Gold:   327        SH:  0    Dex: 10    Spells: 7/19 levels left

rFire   . . .        d - +0 whip
rCold   . . .        (no shield)
rNeg    + + +        a - +0 robe
rPois   ∞            D - +0 helmet
rElec   +            q - +0 cloak
rCorr   .            (no gloves)
SInv    .            (no boots)
Will    .....        (no amulet)
Stlth   +            o - ring of magical power {MP+9}
HPRegen 0.28/turn    (no ring)
MPRegen 0.20/turn

%: no passive effects
@: glowing
A: sickness immunity, AC +5, negative energy resistance 1, electricity
resistance, torment resistance 1, petrification resistance
a: Renounce Religion, Divine Shield, Cleansing Flame, Summon Divine Warrior


You were on level 6 of the Dungeon.
You worshipped the Shining One.
The Shining One was extremely pleased with you.
You visited 1 branch of the dungeon, and saw 6 of its levels.
You also visited: Ossuary.

You collected 327 gold pieces.

Inventory:

Hand Weapons
 d - a +0 whip (weapon)
   (You took it off a gnoll on level 1 of the Dungeon)
 w - a +0 sling
   (You took it off a goblin on level 4 of the Dungeon)
Missiles
 j - 2 boomerangs
 p - 8 datura-tipped darts
Armour
 a - a +0 robe (worn)
 q - a +0 cloak (worn)
   (You found it on level 3 of the Dungeon)
 D - a +0 helmet (worn)
   (You found it on level 5 of the Dungeon)
Jewellery
 o - a ring of magical power (left hand) {MP+9}
   (You found it on level 3 of the Dungeon)
Wands
 F - a wand of mindburst (7)
   (You found it on level 6 of the Dungeon)
Scrolls
 c - a scroll of immolation {unknown}
 e - 2 scrolls of enchant armour {unknown}
 i - a scroll of torment {unknown}
 k - 2 scrolls of vulnerability {unknown}
 n - 2 scrolls of enchant weapon {unknown}
 r - 6 scrolls of identify {unknown}
 s - a scroll of revelation {unknown}
 t - 3 scrolls of teleportation {unknown}
 u - a scroll of blinking {unknown}
 v - a scroll of poison {unknown}
 y - 4 scrolls of amnesia {unknown}
 B - a scroll of brand weapon {unknown}
Potions
 b - a potion of magic
 f - 5 potions of curing {unknown}
 g - a potion of cancellation {unknown}
 h - a potion of ambrosia {unknown}
 l - 3 potions of haste {unknown}
 m - 2 potions of heal wounds {unknown}
 x - a potion of might {unknown}
 z - 2 potions of brilliance {unknown}
 A - a potion of lignification {unknown}
 C - a potion of resistance {unknown}
 E - 2 potions of enlightenment {unknown}


   Skills:
 + Level 5.1 Fighting
 - Level 1.5 Dodging
 - Level 2.1 Stealth
 - Level 6.0 Spellcasting
 + Level 5.1 Conjurations
 - Level 0.7 Transmutations
 - Level 8.0 Earth Magic


You had 7 spell levels left.
You knew the following spells:

 Your Spells              Type           Power      Damage    Failure   Level
a - Sandblast             Erth           64%        2d14      1%          1
b - Blink                 Tloc           10%        N/A       19%         2
c - Brom's Barrelling Bo  Conj/Erth      27%        2d5       9%          4
w - Passwall              Tmut/Erth      15%        N/A       3%          2
x - Stone Arrow           Conj/Erth      54%        3d10      2%          3

Your spell library contained the following spells:

 Spells                   Type           Power      Damage    Failure   Level
 Shock                    Conj/Air       52%        1d6       4%          1
 Momentum Strike          Conj/Tloc      26%        3d8       7%          2
 Slow                     Hex            20%        N/A       13%         1
 Wereblood                Tmut           7%         N/A       14%         2
 Lesser Beckoning         Tloc           10%        N/A       19%         2
 Petrify                  Tmut/Erth      19%        N/A       22%         4
 Ignite Poison            Fire/Tmut/Pois 5%         N/A       34%         3
 Inner Flame              Hex/Fire       5%         N/A       36%         3
 Swiftness                Air            5%         N/A       36%         3
 Sticky Flame             Conj/Fire      13%        2d4       41%         4
 Airstrike                Air            2%         2d(1-17)  77%         4
 Summon Hydra             Summ           2%         N/A       100%        7
 Ignition                 Fire           2%         3d3       100%        8
 Sublimation of Blood     Necr           Unusable   N/A       N/A         2

Dungeon Overview and Level Annotations

Branches:
Dungeon (6/15)             Temple (0/1) D:4         Ossuary (visited)

Altars:
Kikubaaqudgha
The Shining One


Innate Abilities, Weirdness & Mutations

You are immune to sickness and miasma.
Your stone body is resilient. (AC +5)
You are immune to poison.
You resist negative energy. (rN+)
You are resistant to electric shocks. (rElec)
You are resistant to unholy torment.
You are immune to petrification.


Message History

The blast of sand hits the centaur!
The centaur wields a +0 orcbow.
The centaur shoots an arrow.
The arrow hits you.
The centaur shoots an arrow.
The arrow barely misses you.
You take 4 damage, and have 44/48 hp.
You now have 25/26 mp.
The blast of sand hits the centaur.
The centaur shoots an arrow.
The arrow misses you.
You now have 24/26 mp.
The blast of sand hits the centaur!
You now have 23/26 mp.
HP restored.
Things that are here:
a +0 orcbow; a centaur corpse
r - 6 scrolls labelled TOSUDWAASE (gained 1)
p - 8 datura-tipped darts (gained 3) Health restored: 48; MP restored: 26 A scorpion comes into view.
The blast of sand hits the scorpion!
The scorpion stings you but does no damage.
You now have 25/26 mp.
The blast of sand misses the scorpion.
The scorpion stings you.
The scorpion stings you but does no damage.
You take 1 damage, and have 47/48 hp.
You now have 24/26 mp.
The blast of sand hits the scorpion!
Health restored: 48 MP restored: 26 A white imp comes into view.
The white imp shouts!
The endoplasm quivers.
The white imp summons a swarm of flies.
There are monsters nearby!
The blast of sand hits the white imp!!
The Shining One accepts your kill.
You now have 25/26 mp.
The blast of sand hits the endoplasm!
You now have 24/26 mp.
You can't see any susceptible monsters within range! (Use Z to cast anyway.)
There is a stone staircase leading up here.
F - a wand of mindburst (7) MP restored: 26 You now have 327 gold pieces (gained 15).
A hound comes into view.
The hound moves out of view.
A hound is nearby!
You can't see any susceptible monsters within range! (Use Z to cast anyway.)
You can't see any susceptible monsters within range! (Use Z to cast anyway.)
The blast of sand hits the hound!
You now have 25/26 mp.
The blast of sand misses the hound.
The hound bites you but does no damage. The hound barely misses you.
You now have 24/26 mp.
The blast of sand hits the hound!!
You now have 23/26 mp.
You can't see any susceptible monsters within range! (Use Z to cast anyway.)
You pick up an Everburning Encyclopedia and begin reading...
You add the spells Ignite Poison, Sticky Flame and Ignition to your library.
MP restored: 26 You start memorising the spell.
You continue memorising. x2
You finish memorising.
Spell assigned to 'b'.
This spell is dangerous to cast!
You start memorising the spell.
You continue memorising. x4
You finish memorising.
Spell assigned to 'c'.
Okay, then.
Found a stone staircase leading down.
There is a stone staircase leading down here.
There is a stone staircase leading down here.
A wight comes into view. It is wielding a +0 long sword.
A wight is nearby!
A wight comes into view. It is wielding a +2 heavy great sword.
The blast of sand hits the wight but does no damage.
A wight comes into view. It is wielding a +4 scimitar.
You now have 25/26 mp.
The blast of sand hits the wight but does no damage.
You now have 24/26 mp.
The blast of sand hits the wight.
The wight hits you with a +0 long sword.
You take 3 damage, and have 45/48 hp.
The blast of sand hits the wight!
The wight closely misses you.
A wight comes into view. It is wielding a +4 hand axe.
You now have 23/26 mp.
The blast of sand hits the wight.
The wight barely misses you.
The wight hits you with a +0 long sword. x2
You take 8 damage, and have 37/48 hp.
You now have 22/26 mp.
The blast of sand hits the wight!
The Shining One accepts your kill.
You feel better.
You feel your power returning. The wight closely misses you.
The wight hits you with a +4 scimitar!
Your Fighting skill increases to level 5!
Your Conjurations skill increases to level 5!
You take 12 damage, and have 25/49 hp.
MASSIVE DAMAGE!!
The wight throws a boomerang.
The boomerang hits you.
You take 6 damage, and have 19/49 hp.
The wight attacks as it pursues you! The wight barely misses you.
The wight attacks as it pursues you! The wight hits you with a +4 scimitar!
* * * LOW HITPOINT WARNING * * *
You take 13 damage, and have 8/49 hp.
MASSIVE DAMAGE!!
MP restored: 26 The wight attacks as it pursues you!
The wight hits you with a +4 scimitar.
* * * LOW HITPOINT WARNING * * *
You take 4 damage, and have 5/49 hp.
The wight attacks as it pursues you! The wight hits you with a +4 scimitar.
You die...

..## ##........###
##...# ..# #........##
##..## ..# #......#..###
##...### ..##
#......#....####......##
...##
#.....###...............
....#
#....###..z...z.........
....##
#....###..######....##).
#....## #...###.z..##
##..####.
##....####...##.@....##
#...# #.
##....##.............#
#....# #.
#...[......÷......###
####'# ##
####......#....#....# ..
..##...######..##...#
... ......## #..###..#
##...## ##..###.# ##...#
#......# ##..##
##......#


You could see 2 wights.

Vanquished Creatures
  An ice beast (D:6)
  2 ogres
  A centaur (D:6)
  2 phantoms
  A bullfrog (D:4)
  6 scorpions
  3 water moccasin zombies (Ossuary)
  A wight (D:6)
  A jelly (D:3)
  A gnoll bouda (D:3)
  5 hounds
  An iguana (D:4)
  2 mummies (Ossuary)
  7 gnolls
  3 adders
  A shadow imp (D:6)
  2 white imps
  An ufetubus (D:6)
  5 adder zombies (Ossuary)
  A worm (D:4)
  2 dart slugs
  5 orcs
  5 ball pythons
  4 bats
  4 endoplasms
  2 giant cockroaches
  3 gnoll zombies (Ossuary)
  9 goblins
  5 hobgoblins
  13 jackals
  11 kobolds
  4 quokkas
  A frilled lizard (D:3)
  7 hobgoblin zombies (Ossuary)
  7 kobold zombies (Ossuary)
  4 orc zombies (Ossuary)
  10 rats
143 creatures vanquished.

Notes
Turn   | Place    | Note
-------+----------+-------------------------------------------
     0 | D:1      | IndexError the Gargoyle Earth Elementalist began the quest
                  | for the Orb.
     0 | D:1      | Reached XP level 1. HP: 10/10 MP: 3/3
    57 | D:1      | Reached skill level 4 in Earth Magic
    57 | D:1      | Reached XP level 2. HP: 15/15 MP: 1/5
   302 | D:1      | Found a faded altar of an unknown god.
   344 | D:1      | Prayed at the altar of an unknown god.
   344 | D:1      | Became a worshipper of the Shining One
   344 | D:1      | Reached * piety under the Shining One
   418 | D:1      | Reached XP level 3. HP: 19/19 MP: 3/6
   965 | D:2      | Got a curling book
  1286 | D:2      | Reached skill level 3 in Spellcasting
  1625 | D:2      | Reached ** piety under the Shining One
  1660 | D:2      | Reached XP level 4. HP: 24/24 MP: 2/8
  2025 | D:3      | Reached skill level 5 in Earth Magic
  2029 | D:3      | HP: 6/24 [gnoll/+0 club[a gnoll bouda] (2)]
  2031 | D:3      | Reached XP level 5. HP: 7/28 MP: 6/10
  2034 | D:3      | Learned a level 2 spell: Passwall
  2038 | D:3      | Learned a level 3 spell: Stone Arrow
  2815 | D:4      | Found a staircase to the Ecumenical Temple.
  2821 | D:4      | Reached skill level 4 in Spellcasting
  2948 | D:4      | Found an ancient bone altar of Kikubaaqudgha.
  3004 | D:4      | Reached skill level 6 in Earth Magic
  3167 | D:4      | Reached XP level 6. HP: 32/32 MP: 12/12
  3384 | D:4      | Reached skill level 5 in Spellcasting
  3384 | D:4      | Reached skill level 7 in Earth Magic
  3384 | D:4      | Reached XP level 7. HP: 36/36 MP: 14/14
  3770 | D:5      | Entered Level 5 of the Dungeon
  4016 | D:5      | Reached skill level 6 in Spellcasting
  4016 | D:5      | Reached skill level 8 in Earth Magic
  4073 | D:5      | Found a sand-covered staircase.
  4092 | Ossuary  | Entered an ossuary
  4129 | Ossuary  | Reached *** piety under the Shining One
  4191 | Ossuary  | Reached skill level 1 in Fighting
  4191 | Ossuary  | Reached skill level 1 in Conjurations
  4191 | Ossuary  | Reached XP level 8. HP: 32/43 MP: 17/17
  4234 | Ossuary  | Reached skill level 2 in Conjurations
  4257 | Ossuary  | Reached **** piety under the Shining One
  4267 | Ossuary  | Reached skill level 2 in Fighting
  4429 | D:5      | Reached skill level 3 in Conjurations
  4451 | D:5      | Reached skill level 3 in Fighting
  5088 | D:6      | Reached skill level 4 in Fighting
  5088 | D:6      | Reached skill level 4 in Conjurations
  5123 | D:6      | Reached ***** piety under the Shining One
  5343 | D:6      | Learned a level 2 spell: Blink
  5348 | D:6      | Learned a level 4 spell: Brom's Barrelling Boulder
  5454 | D:6      | Reached skill level 5 in Fighting
  5454 | D:6      | Reached skill level 5 in Conjurations
  5463 | D:6      | HP: 8/49 [wight/+4 scimitar (13)]
  5468 | D:6      | Slain by a wight

Illustrated notes

Levels and vault maps discovered:
D:1:      onia_arrival_mini_spirals, layout_rooms,
          hellmonk_ecumenical_altar_crossroads, lexackson_kobold_supper
D:2:      layout_basic, nicolae_figureground_sparkle
D:3:      layout_loops_ring, hangedman_decor_slide_cut, nicolae_grassy_gnolls
D:4:      layout_loops_ring, mainiacjoe_overflow_brackets,
          minmay_temple_entry_large_hall
D:5:      layout_basic, enter_ossuary_1
D:6:      lemuel_insect_pit, layout_layer_cave

Skill      XL: |  1  2  3  4  5  6  7  8 |
---------------+-------------------------+-----
Earth Magic    | 4 5 6 7 8 |  8.0
Spellcasting   | 3 4 5 6 |  6.0
Fighting       | 1 5 |  5.1
Conjurations   | 1 5 |  5.1
Dodging        | |  1.5
Stealth        | |  2.1
Transmutations | |  0.7

Action                     |  1- 3 |  4- 6 |  7- 9 || total
---------------------------+-------+-------+-------++-------
  Melee: Whip              |    74 |       |       ||    74
         Punch             |     3 |       |       ||     3
   Cast: Sandblast         |    52 |    70 |   104 ||   226
 Armour: Robe              |    17 |    22 |    38 ||    77
  Dodge: Dodged            |    17 |    16 |    25 ||    58

Table legend: (Time is in decaauts)
 A = Elapsed time spent in this place.
 B = Non-inter-level travel time spent in this place.
 C = Inter-level travel time spent in this place.
 D = Time resting spent in this place.
 E = Time spent auto-exploring this place.
 F = Levels seen in this place.
 G = Mean time per level.
                   A        B        C        D        E       F      G
               +--------+--------+--------+--------+--------+-----+--------+
         Total |   5587 |   4952 |    635 |      0 |   3988 |   7 |  798.1 |
       Dungeon |   5236 |   4601 |    635 |      0 |   3726 |   6 |  872.7 |
       Ossuary |    351 |    351 |      0 |      0 |    262 |   1 |  351.0 |
               +--------+--------+--------+--------+--------+-----+--------+

Top non-repeatable levels by time:
     D:4: 1004 daAuts
     D:3: 970 daAuts
     D:2: 969 daAuts
     D:1: 912 daAuts
     D:5: 902 daAuts
     D:6: 477 daAuts
 Ossuary: 351 daAuts

Levels and vault maps discovered:
D:1:      onia_arrival_mini_spirals, layout_rooms,
          hellmonk_ecumenical_altar_crossroads, lexackson_kobold_supper
D:2:      layout_basic, nicolae_figureground_sparkle
D:3:      layout_loops_ring, hangedman_decor_slide_cut, nicolae_grassy_gnolls
D:4:      layout_loops_ring, mainiacjoe_overflow_brackets,
          minmay_temple_entry_large_hall
D:5:      layout_basic, enter_ossuary_1
D:6:      lemuel_insect_pit, layout_layer_cave

Table legend: (Time is in decaauts)
 A = Elapsed time spent in this place.
 B = Non-inter-level travel time spent in this place.
 C = Inter-level travel time spent in this place.
 D = Time resting spent in this place.
 E = Time spent auto-exploring this place.
 F = Levels seen in this place.
 G = Mean time per level.
                   A        B        C        D        E       F      G
               +--------+--------+--------+--------+--------+-----+--------+
         Total |   5587 |   4952 |    635 |      0 |   3988 |   7 |  798.1 |
       Dungeon |   5236 |   4601 |    635 |      0 |   3726 |   6 |  872.7 |
       Ossuary |    351 |    351 |      0 |      0 |    262 |   1 |  351.0 |
               +--------+--------+--------+--------+--------+-----+--------+

Top non-repeatable levels by time:
     D:4: 1004 daAuts
     D:3: 970 daAuts
     D:2: 969 daAuts
     D:1: 912 daAuts
     D:5: 902 daAuts
     D:6: 477 daAuts
 Ossuary: 351 daAuts

Table legend:
 A = Kills in this place as a percentage of kills in the entire game.
 B = Kills by you in this place as a percentage of kills by you in the entire game.
 C = Kills by friends in this place as a percentage of kills by friends in the entire game.
 D = Other kills in this place as a percentage of other kills in the entire game.
 E = Experience gained in this place as a percentage of experience gained in the entire game.
 F = Experience gained in this place divided by the number of levels of this place that you have seen.
                   A       B       C       D       E      F
               +-------+-------+-------+-------+-------+----------------------
         Total | 100.0 | 100.0 |   N/A |   N/A | 100.0 | 332.6
       Dungeon |  78.3 |  78.3 |   N/A |   N/A |  85.8 | 333.0
       Ossuary |  21.7 |  21.7 |   N/A |   N/A |  14.2 | 330.0
               +-------+-------+-------+-------+-------+----------------------
